Map: Newkirk Precinct TE (Void)

Players

Monxz

  • Race: Zerg Zerg
  • Spawn Location: 5:00

Railgan - Winner!

  • Race: Terran Terran
  • League: Grandmaster
  • Spawn Location: 7:00

VOD

Have the link to the VOD?

Description

Time

  • Played on: March 4, 2017, 12:11 p.m.
  • Length: 22:34
Show
View Real Time Build Order
Export as new Build Order

Monxz Zerg 

Build Orders: Hatch First 

Get SALT Encoding   

  12  0:01  Drone  
  13  0:13  Overlord  
  13  0:18  Drone  
  14  0:31  Drone x2  
  14  0:35  Drone  
  17  0:53  Hatchery  
  17  0:56  Drone  
  17  1:05  Extractor  
  17  1:11  Spawning Pool  
  15  1:14  Drone  
  15  1:17  Drone  
  17  1:21  Drone  
  18  1:33  Overlord  
  18  1:44  Drone  
  19  1:57  Queen  
  19  1:59  Zergling x2  
  19  2:01  Zergling x2  
  23  2:04  Metabolic Boost  
  23  2:09  Queen  
  23  2:10  Drone  
  27  2:15  Drone  
  27  2:31  Drone x3  
  27  2:36  Queen  
  32  2:48  Overlord  
  32  2:49  Drone  
  32  2:50  Drone x2  
  35  3:06  Drone  
  35  3:10  Hatchery  
  34  3:14  Overlord  
  34  3:15  Drone x2  
  34  3:16  Drone x2  
  34  3:18  Drone  
  39  3:31  Drone x2  
  39  3:32  Drone x2  
  43  3:35  Baneling Nest  
  43  3:40  Drone x2  
  43  3:48  Drone x2  
  43  3:49  Roach Warren  
  43  3:51  Extractor  
  43  3:54  Overlord  
  43  4:00  Drone x5  
  48  4:03  Overlord  
  48  4:19  Zergling x6  
  51  4:29  Drone  
  51  4:30  Drone x2  
  54  4:34  Roach x3  
  54  4:35  Roach  
  62  4:44  Roach x3  
  68  4:50  Drone  
  68  4:51  Spore Crawler  
  68  5:07  Drone x6  
  68  5:10  Extractor, Overlord  
  68  5:12  Overlord  
  72  5:15  Lair  
  72  5:20  Drone  
  73  5:23  Extractor, Drone  
  73  5:34  Drone x3  
  76  5:41  Drone x3  
  76  5:42  Drone  
  80  5:47  Evolution Chamber x2  
  80  5:48  Hatchery  
  77  5:52  Spore Crawler  
  77  5:54  Spore Crawler, Queen  
  77  5:55  Queen  
  79  5:58  Spore Crawler  
  74  6:18  Queen  
  74  6:23  Overseer  
  76  6:26  Hatchery  
  76  6:30  Queen x2  
  75  6:44  Roach x2  
  73  6:49  Drone  
  73  6:50  Drone x3  
  73  6:51  Extractor  
  73  6:54  Spire  
  75  6:56  Drone x2  
  75  6:57  Drone  
  75  6:58  Ravager  
  75  6:59  Ravager x2  
  81  7:01  Spore Crawler  
  68  7:15  Drone  
  68  7:16  Drone x16  
  68  7:17  Drone x4  
  88  7:25  Overlord x4  
  88  7:27  Queen  
  91  7:37  Drone x5  
  91  7:38  Drone x2  
  91  7:40  Extractor  
  96  7:50  Extractor, Overseer  
  95  7:53  Roach x9  
  113  8:00  Spore Crawler  
  113  8:02  Spine Crawler  
  113  8:05  Mutalisk x3  
  111  8:06  Mutalisk x4  
  111  8:10  Mutalisk x3, Queen  
  125  8:29  Overlord x4  
  125  8:39  Drone  
  125  8:40  Overlord x3  
  125  8:41  Extractor, Overlord x2  
  125  8:43  Zerg Ground Armor Level 1, Zerg Missile Weapons Level 1  
  125  8:45  Zerg Flyer Weapons Level 1  
  125  8:53  Corruptor x3  
  131  8:57  Queen x4  
  139  9:03  Drone x4  
  139  9:04  Spine Crawler  
  142  9:13  Corruptor x4  
  150  9:23  Ravager x2  
  152  9:31  Drone x2  
  152  9:32  Drone x2  
  152  9:33  Corruptor x2  
  158  9:46  Corruptor x3  
  158  9:50  Zergling x2  
  162  10:08  Zergling x10  
  162  10:09  Zergling x2  
  164  10:31  Roach x9  
  164  10:32  Roach x4  
  187  10:39  Infestation Pit  
  186  10:47  Queen  
  188  10:50  Zerg Flyer Armor Level 1  
  188  10:53  Overlord  
  188  10:54  Overlord x2  
  188  11:00  Ravager  
  189  11:17  Ravager x2  
  189  11:18  Ravager x6  
  196  11:19  Ravager x3  
  127  11:45  Roach  
  127  11:46  Roach x19  
  127  11:47  Roach x2  
  156  11:52  Queen x2  
  157  11:54  Queen  
  159  12:08  Hive  
  154  12:11  Queen  
  154  12:15  Overseer  
  154  12:17  Ravager x8  
  154  12:18  Ravager x2, Roach x2  
  154  12:19  Roach x3  
  154  12:21  Zergling x2  
  154  12:22  Zergling x10  
  180  12:23  Zergling x8  
  184  12:32  Spine Crawler  
  184  12:35  Spore Crawler  
  182  12:40  Roach x9  
  200  12:51  Roach x4  
  184  12:57  Roach  
  184  12:58  Roach x6  
  184  13:29  Roach  
  184  13:30  Roach x7  
  184  13:31  Greater Spire  
  181  13:40  Roach x4  
  187  13:55  Overseer  
  187  13:56  Overseer x4  
  187  14:00  Overlord x3  
  187  14:01  Ravager  
  187  14:02  Ravager x4  
  189  14:26  Spine Crawler, Hatchery  
  189  14:27  Spine Crawler  
  189  14:30  Extractor  
  183  14:33  Corruptor x5  
  183  14:34  Corruptor x2  
  177  14:54  Drone  
  177  14:55  Drone x3  
  177  14:56  Drone x3  
  177  14:59  Brood Lord x6  
  188  15:16  Corruptor x4  
  196  15:32  Corruptor  
  112  16:03  Roach x15  
  112  16:04  Roach x7  
  156  16:07  Brood Lord  
  156  16:09  Brood Lord  
  160  16:13  Zergling x2  
  160  16:14  Zergling x2  
  162  16:28  Brood Lord  
  162  16:29  Zergling x22  
  175  16:40  Overlord  
  175  16:41  Overlord, Overseer  
  175  16:42  Overseer  
  151  17:09  Extractor  
  151  17:14  Brood Lord x4  
  142  17:28  Roach  
  142  17:29  Roach x13  
  147  17:42  Glial Reconstitution  
  147  17:47  Brood Lord  
  149  17:51  Drone x2  
  149  17:52  Drone x6  
  149  17:55  Drone  
  149  17:56  Drone  
  151  18:07  Corruptor x3  
  145  18:28  Corruptor x2  
  145  18:31  Drone  
  145  18:32  Extractor x2, Drone x4  
  145  18:33  Zergling x2  
  145  18:34  Zergling x34  
  126  19:07  Corruptor x4  
  126  19:08  Corruptor  
  134  19:11  Brood Lord x2  
  134  19:15  Brood Lord x2  
  134  19:16  Queen x3  
  146  19:21  Corruptor x2  
  152  19:36  Corruptor  
  152  19:37  Corruptor x2  
  140  20:09  Brood Lord  
  140  20:10  Corruptor x3  
  140  20:11  Corruptor x2  
  107  20:39  Brood Lord x3  
  112  20:43  Zergling x2  
  112  20:44  Zergling x16  
  117  20:52  Brood Lord x2  
  117  20:53  Brood Lord  
  123  20:57  Drone  
  123  20:58  Drone  
  109  21:35  Brood Lord  
  109  21:37  Brood Lord  
  109  21:38  Brood Lord x2  
  109  21:39  Corruptor x2  
  117  21:40  Corruptor x2  
  117  21:43  Queen  
  127  21:56  Corruptor x2  
Show
View Real Time Build Order
Export as new Build Order

Railgan Terran - Winner!

Build Orders: Command Center First (CC) 

Get SALT Encoding   

  12  0:00  SCV  
  13  0:12  SCV  
  14  0:21  Supply Depot  
  14  0:25  SCV  
  15  0:42  SCV  
  16  0:54  SCV  
  17  1:03  Command Center  
  17  1:06  SCV  
  18  1:18  SCV  
  19  1:27  Barracks  
  19  1:30  Refinery  
  19  1:31  SCV  
  20  1:38  Refinery  
  20  1:43  SCV  
  21  1:55  SCV  
  22  2:07  SCV  
  23  2:14  Orbital Command  
  23  2:19  Orbital Command  
  23  2:26  Factory  
  23  2:30  Marine  
  23  2:35  Bunker  
  24  2:40  SCV  
  25  2:47  SCV  
  25  2:48  Marine  
  26  2:54  SCV  
  27  2:59  SCV  
  28  3:06  SCV  
  29  3:19  Supply Depot, SCV  
  30  3:21  Factory Reactor  
  30  3:24  SCV  
  30  3:25  Supply Depot  
  31  3:29  Starport  
  31  3:31  Starport  
  31  3:32  SCV  
  32  3:34  Marine  
  32  3:36  SCV  
  34  3:44  SCV  
  35  3:48  SCV  
  36  3:56  SCV  
  36  3:57  Command Center  
  36  4:00  SCV  
  38  4:03  Hellion x2  
  38  4:08  SCV  
  43  4:12  SCV  
  43  4:15  Supply Depot  
  44  4:17  Supply Depot  
  44  4:19  Starport Tech Lab x2  
  44  4:20  SCV  
  45  4:24  SCV  
  45  4:27  Refinery  
  45  4:28  Widow Mine x2  
  45  4:29  Refinery  
  50  4:32  SCV  
  50  4:37  SCV  
  52  4:44  SCV  
  53  4:47  Banshee x2  
  53  4:49  Cloaking Field, SCV  
  60  4:56  SCV  
  61  5:01  SCV  
  58  5:08  SCV  
  58  5:09  Orbital Command  
  58  5:13  SCV  
  60  5:20  SCV  
  61  5:26  Command Center  
  61  5:30  Banshee x2  
  67  5:41  SCV x2  
  67  5:42  Factory, Starport, SCV  
  70  5:45  Starport  
  70  5:50  Orbital Command  
  70  5:53  SCV  
  71  5:59  Supply Depot  
  71  6:01  Supply Depot  
  71  6:02  Supply Depot  
  71  6:08  SCV  
  71  6:11  Armory x2  
  72  6:25  Raven x2  
  76  6:31  SCV x2  
  78  6:34  Starport Reactor x2  
  78  6:37  SCV  
  79  6:43  SCV  
  79  6:45  SCV  
  82  6:47  Refinery  
  82  6:49  Orbital Command  
  82  6:52  Hellion x2  
  82  6:53  Command Center  
  85  6:54  Factory Tech Lab, Refinery  
  85  6:59  Factory, Liberator  
  85  7:00  Factory  
  85  7:01  Liberator  
  82  7:19  Hellion  
  82  7:20  Hellion x2  
  82  7:22  SCV x2  
  96  7:28  SCV  
  97  7:31  Viking  
  97  7:33  SCV  
  100  7:38  Hyperflight Rotors  
  100  7:40  SCV  
  100  7:41  Hellion x2  
  105  7:47  Supply Depot x2  
  105  7:48  Engineering Bay  
  105  7:53  Hellion  
  105  7:55  Factory Reactor, Factory Tech Lab, Liberator  
  105  7:56  Liberator  
  105  7:57  Terran Ship Weapons Level 1  
  105  7:58  Terran Vehicle And Ship Armor Level 1  
  107  8:01  SCV x2  
  109  8:10  SCV  
  109  8:12  Liberator  
  116  8:20  SCV x2  
  108  8:31  SCV  
  105  8:38  Missile Turret  
  105  8:39  Missile Turret, SCV  
  106  8:41  Missile Turret, Thor  
  106  8:43  Hellion x4  
  106  8:46  SCV x2  
  106  8:47  Missile Turret  
  122  8:49  Missile Turret  
  122  8:55  Siege Tank  
  125  8:57  Command Center  
  125  9:00  Liberator  
  125  9:06  Missile Turret  
  125  9:09  Missile Turret  
  125  9:11  Missile Turret x2, Hellion  
  125  9:12  Missile Turret, Hellion  
  125  9:13  Missile Turret  
  129  9:18  Hellion  
  129  9:19  Hellion, SCV x2  
  129  9:21  Hi-Sec Auto Tracking, Armory  
  138  9:24  SCV, Thor  
  138  9:25  Missile Turret  
  138  9:26  Missile Turret  
  145  9:32  Planetary Fortress  
  145  9:35  Widow Mine x2  
  145  9:38  SCV  
  150  9:43  SCV x2  
  152  9:46  Missile Turret  
  152  9:51  Missile Turret, SCV x2  
  154  9:54  Missile Turret  
  154  9:55  SCV  
  155  10:00  Refinery  
  155  10:04  Refinery  
  155  10:09  SCV x2, Thor  
  163  10:15  Widow Mine  
  163  10:16  Widow Mine  
  163  10:17  Widow Mine  
  163  10:19  Orbital Command  
  169  10:22  Terran Vehicle Weapons Level 1  
  167  10:34  Thor  
  167  10:48  Factory  
  167  10:50  Factory, Terran Vehicle And Ship Armor Level 2  
  167  10:51  Thor, Terran Ship Weapons Level 2  
  167  10:53  Hellion  
  167  10:54  Hellion  
  177  11:01  Sensor Tower  
  177  11:03  Hellion  
  177  11:04  Hellion  
  175  11:10  SCV x5  
  180  11:23  Liberator x3  
  170  11:33  Thor  
  170  11:34  Hellion, Thor  
  170  11:35  Hellion x3  
  170  11:36  SCV  
  152  11:53  Factory Tech Lab x2  
  144  11:55  Hellion  
  144  11:56  Hellion  
  144  12:00  Orbital Command  
  144  12:01  Widow Mine  
  148  12:03  Banshee x2  
  148  12:04  Viking  
  158  12:14  Infernal Pre-Igniter  
  158  12:16  Thor, Drilling Claws  
  158  12:21  Siege Tank  
  171  12:22  Hellion  
  171  12:23  Hellion x3  
  171  12:27  Supply Depot  
  171  12:28  Supply Depot  
  175  12:30  SCV x6  
  175  12:33  Hellion x2  
  175  12:35  Refinery  
  183  12:39  Refinery  
  177  12:44  Thor  
  177  12:46  Hellion x3  
  167  12:54  Siege Tank x2  
  167  12:58  Missile Turret  
  167  12:59  Missile Turret, Banshee  
  167  13:00  Missile Turret x2, Banshee  
  167  13:01  Viking x3  
  167  13:02  Missile Turret  
  179  13:15  Siege Tank  
  179  13:16  Terran Vehicle Weapons Level 2  
  181  13:20  Hellion x4  
  181  13:26  Hellion  
  164  13:27  Hellion x2  
  125  13:41  Hellion  
  125  13:42  Banshee, Hellion  
  125  13:46  Hellion x14  
  125  13:47  Siege Tank  
  125  13:48  Siege Tank x3  
  144  13:59  Banshee, Viking  
  144  14:00  Viking  
  151  14:05  Command Center  
  151  14:06  Command Center  
  151  14:09  Orbital Command  
  151  14:25  Banshee  
  151  14:26  Siege Tank  
  151  14:27  Siege Tank  
  154  14:40  Siege Tank  
  154  14:41  Cyclone x2  
  149  15:00  Siege Tank  
  149  15:01  Siege Tank  
  149  15:03  Hellion x3  
  155  15:08  Viking x2  
  155  15:12  Refinery  
  159  15:14  Thor  
  163  15:21  Orbital Command  
  163  15:27  Thor  
  169  15:31  Hellion x2  
  169  15:32  Refinery, Thor  
  179  15:36  Refinery  
  168  15:50  Viking x3  
  168  15:51  Viking  
  158  15:57  Thor  
  158  16:05  Hellion  
  158  16:06  Hellion  
  159  16:18  Thor  
  162  16:32  Viking x2  
  163  16:43  Thor  
  168  16:54  Thor x2  
  155  17:03  Viking x2  
  155  17:04  Hellion  
  155  17:05  Hellion x4  
  151  17:18  SCV x2  
  150  17:26  Hellion, Thor  
  150  17:27  Orbital Command  
  119  17:37  Hellion  
  119  17:38  Hellion  
  117  17:46  SCV  
  118  17:51  Thor  
  120  18:06  Orbital Command  
  120  18:08  Siege Tank  
  108  18:14  Hellion x2  
  112  18:24  SCV  
  105  18:45  Siege Tank  
  105  18:47  Hellion x2  
  108  18:54  Siege Tank  
  111  18:56  Hellion x2  
  111  18:59  SCV x2  
  107  19:06  SCV x2  
  107  19:08  Orbital Command  
  107  19:12  Refinery, SCV  
  107  19:13  SCV x2  
  107  19:16  Orbital Command  
  110  19:24  Siege Tank  
  113  19:25  Hellion x3  
  119  19:36  Refinery  
  119  19:38  Refinery, SCV  
  119  19:39  SCV, Thor  
  125  19:59  SCV x2  
  127  20:10  Thor  
  127  20:11  Hellion  
  127  20:12  Hellion  
  119  20:23  Hellion  
  104  20:32  Hellion x2, SCV x2  
  104  20:34  Hellion  
  108  20:38  SCV  
  108  20:39  SCV  
  105  20:50  Thor  
  105  20:51  Thor  
  105  20:52  SCV x2  
  105  20:56  Refinery  
  119  20:58  Thor  
  125  21:04  Orbital Command  
  125  21:05  Siege Tank  
  125  21:06  Factory Tech Lab  
  125  21:07  Widow Mine x2  
  125  21:08  SCV  
  133  21:14  Liberator x2  
  129  21:34  Hellion x2  
  129  21:36  Hellion  
  129  21:38  SCV x2  
  137  21:43  Refinery  
  137  21:46  Refinery  
  137  21:47  Hellion  
  137  21:48  Banshee, Hellion  
  137  21:51  Hellion x2  
  137  21:53  SCV  
Tags
 
Add a new tag
Caveats
  • Supply blocks, unpowered buildings, or Contaminate may cause inaccurate times.
  • Supply counts are checked every 10 seconds.